Map: 机会渺茫

Players

小钢情

  • Race: Terran Terran
  • Spawn Location: 6:00

御坂妹妹

  • Race: Terran Terran
  • League: Diamond

VOD

Have the link to the VOD?

Description

Time

  • Played on: Feb. 13, 2018, 7:28 a.m.
  • Length: 30:08
Show
View Real Time Build Order
Export as new Build Order

小钢情 Terran 

Build Orders:  

Get SALT Encoding   

  12  1:31  Barracks  
  12  1:38  Command Center  
  12  2:18  Orbital Command  
  12  3:21  Orbital Command  
Show
View Real Time Build Order
Export as new Build Order

御坂妹妹 Terran 

Build Orders:  

Get SALT Encoding   

  12  0:05  Starport Tech Lab  
  12  0:08  SCV  
  13  0:25  SCV  
  14  0:34  Supply Depot  
  15  0:42  SCV  
  15  0:55  Assault Galleon  
  15  1:09  SCV  
  16  1:26  SCV  
  18  1:43  SCV  
  18  1:58  Command Center  
  19  2:00  SCV  
  19  2:13  Refinery  
  19  2:17  SCV  
  20  2:25  Refinery  
  20  2:28  Reaper  
  22  2:34  SCV  
  22  2:38  Reaper  
  23  2:48  Reaper  
  25  2:51  SCV  
  25  2:58  Reaper  
  26  3:08  SCV  
  27  3:10  Engineering Bay  
  27  3:25  SCV  
  28  3:38  Armory  
  29  3:42  SCV  
  29  3:49  Refinery  
  29  3:55  Command Center  
  29  3:59  SCV  
  31  4:01  SCV  
  31  4:02  LE9 Cluster Charges  
  31  4:15  SCV  
  34  4:30  Supply Depot  
  34  4:33  SCV x2  
  34  4:34  Armory  
  36  4:50  SCV x2  
  36  5:05  Jetpack Overdrive  
  36  5:07  SCV x2  
  38  5:25  SCV x2  
  38  5:29  Fusion Core  
  40  5:37  Horner Weapons Level 1  
  42  5:42  SCV x2  
  41  5:59  SCV x2  
  43  6:02  Assault Galleon  
  43  6:15  Assault Galleon  
  43  6:22  Assault Galleon  
  43  6:32  Assault Galleon  
  43  6:35  Reaper  
  44  6:43  Horner Armor Level 1  
  44  6:45  Reaper  
  45  6:55  Reaper  
  45  6:59  Theia Raven  
  48  7:05  Reaper  
  49  7:15  Reaper  
  49  7:17  Reaper x2  
  52  7:27  Reaper  
  59  7:40  Reaper x3  
  59  7:48  Supply Depot  
  62  7:56  Drone Hangar  
  62  8:02  Supply Depot x2  
  62  8:04  Supply Depot  
  62  8:18  Reaper x4  
  66  8:24  Supply Depot  
  66  8:28  Reaper x4  
  70  8:36  Horner Weapons Level 2  
  70  8:38  Reaper x5  
  75  8:48  Reaper x2  
  77  9:08  Reaper  
  90  9:11  Reaper  
  91  9:25  Reaper x3, Drone Hangar x2  
  94  9:35  Reaper x2  
  96  9:44  Reaper  
  96  9:46  Horner Armor Level 2  
  102  10:02  Reaper, Drone Hangar  
  102  10:03  Reaper  
  102  10:07  Reaper x2  
  106  10:12  Reaper  
  106  10:13  Reaper  
  106  10:17  Reaper x2  
  109  10:22  Reaper  
  109  10:23  Reaper  
  109  10:27  Reaper x2  
  112  10:30  Theia Raven  
  112  10:32  Reaper  
  112  10:33  Reaper  
  112  10:37  Reaper x2  
  118  10:42  Reaper  
  118  10:43  Reaper  
  118  10:45  Reaper  
  118  10:46  Reaper  
  118  10:47  Reaper  
  123  10:52  Reaper  
  123  10:53  Reaper  
  123  10:55  Reaper  
  123  10:56  Reaper  
  123  10:57  Reaper  
  128  11:02  Reaper  
  127  11:34  Supply Depot  
  127  11:37  Reaper x4  
  127  12:06  Reaper x4  
  127  12:07  Reaper  
  127  12:09  Supply Depot  
  132  12:12  Horner Weapons Level 3  
  132  12:16  Reaper x4  
  142  12:26  Reaper x4  
  146  12:34  Drone Hangar  
  146  12:35  Reaper  
  146  12:36  Reaper x3  
  148  12:42  Supply Depot  
  148  12:57  Reaper x3  
  148  12:58  Reaper  
  152  13:07  Reaper x3  
  152  13:08  Reaper  
  147  13:16  Reaper  
  147  13:17  Reaper x3  
  147  13:18  Reaper  
  149  13:26  Reaper  
  149  13:27  Reaper x4  
  154  13:36  Reaper  
  154  13:37  Reaper x4  
  159  13:46  Reaper  
  159  13:47  Reaper x3  
  162  13:57  Reaper  
  162  13:58  Reaper x4  
  167  14:07  Reaper  
  167  14:08  Reaper x4, Supply Depot  
  172  14:12  Horner Armor Level 3  
  167  14:55  Reaper x5  
  170  15:05  Reaper x4  
  174  15:16  Reaper  
  174  15:17  Reaper x4  
  152  15:26  Reaper  
  152  15:27  Reaper x4  
  156  15:36  Reaper  
  156  15:37  Reaper x4  
  161  15:46  Reaper  
  161  15:47  Reaper x4  
  166  15:56  Reaper  
  166  15:57  Reaper x4  
  167  16:06  Reaper  
  167  16:07  Reaper x4  
  169  16:16  Reaper  
  169  16:17  Reaper x4  
  152  16:26  Reaper x2  
  152  16:27  Reaper x3  
  152  16:31  Theia Raven  
  152  16:34  Multi-Threaded Sensors  
  152  16:36  Reaper x4  
  152  16:37  Reaper  
  155  16:46  Reaper x4  
  155  16:47  Reaper  
  159  16:56  Reaper x5  
  162  17:06  Reaper x5  
  160  17:16  Reaper x5  
  160  17:25  Reaper  
  160  17:26  Reaper x4  
  159  17:35  Reaper  
  159  17:36  Reaper x4  
  159  17:45  Reaper  
  159  17:46  Reaper x4  
  162  17:55  Reaper  
  164  18:07  Reaper x3  
  164  18:08  Reaper  
  157  18:17  Reaper x3  
  157  18:18  Reaper  
  159  18:25  Theia Raven  
  159  18:27  Reaper x3  
  159  18:28  Reaper  
  165  18:37  Reaper x2  
  159  18:43  Reaper  
  159  18:47  Reaper  
  156  18:50  Reaper  
  156  18:51  Reaper  
  156  18:53  Reaper  
  156  18:57  Reaper  
  153  19:00  Reaper  
  153  19:01  Reaper  
  153  19:03  Reaper  
  153  19:07  Reaper  
  156  19:10  Reaper x2  
  156  19:12  Reaper  
  156  19:17  Reaper  
  156  19:18  Asteria Wraith  
  164  19:20  Reaper x2  
  164  19:22  Reaper  
  164  19:25  Tactical Jump  
  164  19:27  Reaper  
  168  19:30  Reaper x2  
  168  19:32  Reaper  
  168  19:36  Reaper  
  172  19:40  Reaper x2  
  172  19:42  Reaper  
  172  19:46  Reaper  
  176  19:50  Reaper x2  
  176  19:52  Reaper  
  176  19:56  Reaper  
  180  20:00  Reaper x2  
  180  20:02  Reaper  
  180  20:06  Reaper  
  178  20:12  Reaper  
  178  20:13  Reaper x2  
  178  20:16  Reaper  
  182  20:22  Reaper  
  182  20:23  Reaper x2  
  182  20:26  Reaper  
  182  20:28  Trigger Override  
  186  20:32  Reaper  
  186  20:33  Reaper x2  
  186  20:37  Reaper  
  190  20:42  Reaper  
  190  20:43  Reaper x2  
  190  20:47  Reaper  
  193  20:52  Reaper  
  193  20:53  Reaper x2  
  193  20:57  Reaper  
  197  21:00  Assault Galleon  
  197  21:02  Reaper  
  198  21:26  Reaper  
  198  21:27  Reaper x2  
  200  21:31  Unregistered Cloak System  
  198  21:52  Reaper  
  198  21:53  Reaper  
  197  26:49  Asteria Wraith  
  187  26:55  Drone Hangar, Asteria Wraith  
  191  27:00  Asteria Wraith  
  191  27:01  Asteria Wraith  
  185  28:06  Theia Raven x3  
  185  28:07  Theia Raven  
  185  28:08  Theia Raven  
  193  28:11  Reaper x2  
  193  28:12  Reaper x3  
  198  28:21  Reaper x3  
  199  28:40  Reaper  
  198  29:10  Reaper  
  198  29:11  Reaper  
Tags
 
Commander
HornerRaynor
League
Diamond
Matchup
Co-op
Replay Pack
Co-op Speedrun
Add a new tag
Caveats
  • Supply blocks, unpowered buildings, or Contaminate may cause inaccurate times.
  • Supply counts are checked every 10 seconds.